AoeStats
← Legend Killer

Pilgrims

507776626Analyzed
3v3 RM · 11d ago on Sep 19, 2026· 26m 14s· 6 players
Game mode
Random Map
Map size
Normal (6 player)
Population
200
Speed
Normal
Resources
Standard
Victory
Conquest
Starting age
Dark Age
Ending age
Imperial Age
RankedLock teamsTeams togetherTeam positionsShared explorationLock speedFull tech treeHidden civsTurbo modeCheats
Victory
Defeat
🇺🇸 Berbers · United States
1066
+14
🇲🇽 Cumans · Mexico
1021
+15
🇺🇸 Romans · United States
983
+17
🇷🇴 Bohemians · Romania
1019
-16
🇷🇴 Chinese · Romania
1010
-15
🇦🇷 Malians · Argentina
1003
-15
numba one
10:46 Feudal Age
11:07 Loom
18:34 Castle Age
19:14 Scale Barding Armor
19:21 Forging
Legend Killer
7:04 Loom
13:22 Feudal Age
18:47 Castle Age
21:55 Bloodlines
22:52 Scale Barding Armor
FranGinaro
3:24 Loom
14:14 Feudal Age
15:05 Double-Bit Axe
Cycad
8:14 Loom
10:38 Feudal Age
12:27 Man-at-Arms
13:58 Horse Collar
16:50 Scale Mail Armor
21:45 Castle Age
20:54 Forging
22:12 Pikeman
23:33 Squires
23:56 Chain Mail Armor
25:15 Iron Casting
IntricateCricket
5:23 Loom
11:21 Feudal Age
16:45 Fishing Lines
19:19 Bloodlines
19:50 Horse Collar
20:10 Town Watch
21:01 Wheelbarrow
21:30 Double-Bit Axe
24:02 Fletching
26:23 Castle Age
26:10 Forging
26:06 Scale Barding Armor
26:03 Padded Archer Armor
26:04 Scale Mail Armor
dse_dll
5:49 Loom
11:11 Feudal Age
22:08 Castle Age
20:25 Bloodlines
24:23 Capped Ram
Connection lost

Rejoining the realm…

Still unreachable

The connection could not be restored.

Session expired

The server has moved on; the page needs a fresh start.